 Dungeon Crawl Stone Soup version 0.27.0-1-g7a089689b8 (webtiles) character file.

Game seed: 4377017922442009303

90 SnakkuSnakku7 the Caller (level 4, 0/33 HPs)
             Began as a Demigod Summoner on Aug 3, 2021.
             Succumbed to a scorpion's poison
             ... on level 3 of the Dungeon.
             The game lasted 00:04:25 (4336 turns).

SnakkuSnakku7 the Caller (Demigod Summoner)         Turns: 4336, Time: 00:04:26

Health: 0/33       AC:  5    Str:  9    XL:     4   Next: 11%
Magic:  9/9        EV: 12    Int: 21    God:
Gold:   135        SH:  0    Dex: 14    Spells: 2/6 levels left

rFire    . . .     SeeInvis .   g - +0 hand axe
rCold    . . .     Faith    .   (no shield)
rNeg     . . .     Spirit   .   a - +0 robe
rPois    .         Reflect  .   l - +0 helmet
rElec    .         Harm     .   n - +0 cloak
rCorr    .         Rampage  .   j - +0 pair of gloves
Will     .....                  (no boots)
Stlth    ++........             (no amulet)
HPRegen  0.11/turn              k - +4 ring of slaying
MPRegen  0.11/turn              (no ring)

@: lethally poisoned (0 -> -17)
A: high mp 1, forlorn
a: no special abilities


You were on level 3 of the Dungeon.
You visited 1 branch of the dungeon, and saw 3 of its levels.

You collected 135 gold pieces.

Inventory:

Hand Weapons
 e - a +0 whip
 g - a +0 hand axe (weapon)
Armour
 a - a +0 robe (worn)
 j - a +0 pair of gloves (worn)
 l - a +0 helmet (worn)
 n - a +0 cloak (worn)
Jewellery
 k - a +4 ring of slaying (left hand)
Scrolls
 c - a scroll of identify {unknown}
 f - a scroll of enchant armour {unknown}
 h - a scroll of magic mapping {unknown}
 i - a scroll of vulnerability {unknown}
 m - a scroll of summoning {unknown}
Potions
 b - a potion of brilliance {unknown}
 d - a potion of haste {unknown}
 o - a potion of resistance {unknown}
 q - a potion of flight {unknown}


   Skills:
 - Level 1.7 Dodging
 - Level 1.7 Stealth
 - Level 1.7 Spellcasting
 + Level 5.3 Summonings


You had 2 spell levels left.
You knew the following spells:

 Your Spells              Type           Power      Damage    Failure   Level
a - Summon Small Mammal   Summ           96%        N/A       1%          1
z - Call Canine Familiar  Summ           24%        N/A       4%          3

Your spell library contained the following spells:

 Spells                   Type           Power      Damage    Failure   Level
 Call Imp                 Summ           24%        N/A       2%          2
 Apportation              Tloc           2%         N/A       16%         1
 Sandblast                Erth           2%         2d4       16%         1
 Blink                    Tloc           N/A        N/A       22%         2
 Passwall                 Tmut/Erth      0%         N/A       22%         2
 Slow                     Hex            1%         N/A       22%         2
 Summon Guardian Golem    Hex/Summ       13%        N/A       16%         3
 Confusing Touch          Hex            1%         N/A       41%         3
 Lesser Beckoning         Tloc           0%         N/A       41%         3
 Summon Lightning Spire   Summ/Air       13%        N/A       45%         4
 Alistair's Intoxication  Tmut/Pois      0%         N/A       99%         5
 Lee's Rapid Deconstruct  Erth           0%         3d5*      99%         5
 Manifold Assault         Tloc           1%         N/A       99%         5
 Yara's Violent Unravell  Hex/Tmut       0%         3d3       99%         5
 Invisibility             Hex            0%         N/A       100%        6


Dungeon Overview and Level Annotations

Branches:
Dungeon (3/15)


Innate Abilities, Weirdness & Mutations

Your attributes grow dramatically as you level up.
You have an increased reservoir of magic. (+10% MP)
You shall have no god before yourself.


Message History

Your rat barely misses Natasha.
Natasha misses you.
You slash Natasha!
You kill Natasha!
Natasha growls in agony!
You have reached level 4!
Your rat disappears in a puff of smoke!
Found 16 stones.
You see here 16 stones.
A scorpion comes into view.
A scorpion is nearby!
You hit the scorpion but do no damage. The scorpion barely misses you.
The scorpion closely misses you.
You hit the scorpion but do no damage.
The scorpion stings you but does no damage.
You hit the scorpion.
The scorpion is moderately wounded.
The scorpion stings you.
You are poisoned.
The scorpion poisons you! The scorpion completely misses you.
You closely miss the scorpion.
The scorpion is moderately wounded.
You feel very sick. The scorpion stings you.
You are more poisoned.
The scorpion poisons you!
The scorpion stings you but does no damage.
You feel very sick.
You feel very sick.
Casting: Summon Small Mammal (safe; 1% risk of failure)
Confirm with . or Enter, or press ? or * to list all spells.
You feel very sick. The scorpion stings you.
* * * LOW HITPOINT WARNING * * *
You are more poisoned.
The scorpion poisons you!
* * * LOW HITPOINT WARNING * * *
You feel very sick.
Your quokka completely misses the scorpion.
It was a potion of magic.
Magic courses through your body.
You die...

..#.#.# #.#
....#. #.#
##..# #.#
....# #.#.#
#...# #.#.#
#...# ####
#.#.# #...#
.... #.#(#
#...#
...#.#.#
#...#
..###.#.#@#
....#
........#s#
..#.
.........r#
..#
......#####
..##########
..#...#
.##.#.####
.........#
.#######.#


You could see a scorpion (ally target) and a friendly quokka (summoned).

Vanquished Creatures
  Natasha (D:3)
  An adder (D:3)
  3 dart slugs
  6 ball pythons
  An endoplasm (D:1)
  5 giant cockroaches
  2 goblins
  5 hobgoblins
  5 jackals (D:1)
  4 bats
  2 frilled lizards
  5 kobolds
  7 rats
47 creatures vanquished.

Vanquished Creatures (collateral kills)
  A ball python (D:1)
  An endoplasm (D:1)
  2 goblins (D:1)
  2 jackals (D:1)
  A bat (D:1)
  A frilled lizard (D:1)
  A kobold (D:1)
9 creatures vanquished.

Vanquished Creatures (others)
  3 fungi (D:2)
3 creatures vanquished.

Grand Total: 59 creatures vanquished

Notes
Turn   | Place    | Note
-------+----------+-------------------------------------------
     0 | D:1      | SnakkuSnakku7 the Demigod Summoner began the quest for the
                  | Orb.
     0 | D:1      | Reached XP level 1. HP: 14/14 MP: 5/5
   817 | D:1      | Reached skill level 4 in Summonings
   993 | D:1      | Reached XP level 2. HP: 5/20 MP: 5/7
  1947 | D:1      | HP: 1/20 [kobold/stone (1)]
  2299 | D:1      | HP: 1/20 [jackal (1)]
  2947 | D:1      | Reached XP level 3. HP: 17/26 MP: 8/8
  2951 | D:1      | Learned a level 3 spell: Call Canine Familiar
  3474 | D:2      | Got Plato's Tome of the Monkey
  3921 | D:3      | Reached skill level 5 in Summonings
  4272 | D:3      | Noticed Natasha
  4284 | D:3      | Killed Natasha
  4285 | D:3      | Reached XP level 4. HP: 31/33 MP: 9/9
  4336 | D:3      | Succumbed to a scorpion's poison

Illustrated notes

Levels and vault maps discovered:
D:1:      dpeg_arrival_ratfight, layout_basic, serial_glass, glass_columns_b,
          glass_columns_a, minmay_misc_feat_rows
D:2:      layout_basic, shapermc_ecumenical_altar_rom_forum
D:3:      layout_basic, uniq_natasha

Skill      XL: |  1  2  3 |
---------------+----------+-----
Summonings     | 4 5 |  5.3
Dodging        | |  1.7
Stealth        | |  1.7
Spellcasting   | |  1.7

Action                   |  1- 3 |  4- 6 || total
-------------------------+-------+-------++-------
Melee: Whip              |   125 |       ||   125
       Unarmed           |    32 |       ||    32
       Hand axe          |    75 |     4 ||    79
 Cast: Summon Small Mamm |    23 |     1 ||    24
  Use: Potion            |       |     1 ||     1
 Stab: Sleeping          |     5 |       ||     5
       Distracted        |     1 |       ||     1
Armor: Robe              |    73 |     2 ||    75
Dodge: Dodged            |   237 |     3 ||   240
